Map: 烏瑞那

Players

Nice

  • Race: Protoss Protoss
  • League: Grandmaster

Rose (Python) - Winner!

  • Race: Zerg Zerg
  • League: Grandmaster

Event: 2016 WCS Winter Challenger Taiwan

VOD

Have the link to the VOD?

Description

Time

  • Played on: Jan. 16, 2016, 4:12 a.m.
  • Length: 10:15

All games in this series

Show
View Real Time Build Order
Export as new Build Order

Nice Protoss 

Build Orders:  

Get SALT Encoding   

  12  0:01  Probe (Chrono Boost)  
  13  0:12  Probe (Chrono Boost)  
  14  0:18  Pylon  
  14  0:22  Probe (Chrono Boost)  
  15  0:36  Probe (Chrono Boost)  
  15  0:38  Gateway  
  16  0:47  Probe (Chrono Boost)  
  16  0:48  Assimilator  
  17  0:57  Probe (Chrono Boost)  
  17  1:01  Gateway  
  18  1:08  Probe (Chrono Boost)  
  20  1:18  Probe (Chrono Boost)  
  20  1:22  Pylon  
  20  1:25  Cybernetics Core  
  20  1:31  Zealot (Chrono Boost)  
  22  1:55  Pylon  
  22  1:57  Pylon  
  22  1:58  Pylon  
  24  2:01  Mothership Core (Chrono Boost)  
  24  2:05  Adept (Chrono Boost)  
  26  2:12  Adept (Chrono Boost)  
  28  2:18  Pylon  
  28  2:34  Adept (Chrono Boost)  
  30  2:39  Adept (Chrono Boost)  
  32  2:59  Adept (Chrono Boost)  
  32  3:02  Adept (Chrono Boost)  
  32  3:15  Nexus  
  32  3:25  Adept  
  34  3:27  Probe (Chrono Boost)  
  34  3:30  Pylon  
  35  3:38  Mothership Core (Chrono Boost)  
  33  3:56  Probe (Chrono Boost)  
  33  4:00  Adept  
  34  4:04  Warp Gate  
  34  4:05  Assimilator  
  34  4:07  Probe (Chrono Boost)  
  34  4:09  Adept  
  35  4:17  Probe (Chrono Boost), Pylon  
  36  4:28  Probe x2 (Chrono Boost)  
  38  4:38  Probe (Chrono Boost)  
  38  4:39  Probe (Chrono Boost), Robotics Facility  
  40  4:49  Probe (Chrono Boost)  
  40  4:50  Probe (Chrono Boost)  
  42  4:57  Sentry  
  45  5:00  Probe x2 (Chrono Boost), Pylon  
  46  5:10  Probe (Chrono Boost)  
  46  5:11  Probe (Chrono Boost)  
  48  5:21  Probe x2 (Chrono Boost)  
  50  5:26  Gateway  
  48  5:29  Warp Prism  
  48  5:31  Probe (Chrono Boost)  
  48  5:32  Probe (Chrono Boost)  
  50  5:42  Probe x2 (Chrono Boost)  
  48  5:48  Assimilator  
  48  5:49  Robotics Bay  
  46  5:50  Pylon  
  46  5:52  Probe (Chrono Boost), Assimilator  
  46  5:53  Probe (Chrono Boost)  
  46  5:56  Pylon  
  48  6:08  Adept  
  48  6:09  Adept  
  52  6:11  Probe (Chrono Boost)  
  52  6:12  Probe (Chrono Boost)  
  52  6:16  Observer  
  55  6:23  Probe (Chrono Boost)  
  56  6:27  Nexus  
  56  6:29  Pylon  
  56  6:30  Adept  
  56  6:32  Sentry  
  60  6:35  Probe x2 (Chrono Boost)  
  61  6:44  Disruptor (Chrono Boost)  
  61  6:47  Probe  
  64  6:53  Twilight Council  
  65  6:55  Gateway  
  65  6:57  Gateway  
  65  7:01  Adept  
  67  7:21  Stalker  
  67  7:22  Stalker x2  
  73  7:34  Blink (Chrono Boost), Robotics Facility  
  70  7:39  Gateway  
  70  7:42  Probe  
  70  7:43  Probe  
  72  7:44  Nexus  
  72  7:48  Sentry x2  
  72  7:49  Stalker  
  76  7:52  Probe, Pylon  
  76  7:54  Pylon  
  76  7:55  Probe  
  78  8:03  Probe  
  79  8:08  Stalker  
  81  8:13  Stalker x3  
  81  8:14  Probe x2  
  89  8:27  Probe  
  88  8:29  Disruptor (Chrono Boost)  
  88  8:30  Probe  
  92  8:39  Probe  
  92  8:41  Probe  
  93  8:42  Pylon  
  93  8:44  Pylon  
  93  8:45  Adept x2  
  90  8:59  Stalker x3  
  90  9:01  Disruptor (Chrono Boost)  
  89  9:04  Stalker x3  
  89  9:05  Stalker  
  94  9:12  Mothership Core  
  87  9:22  Gateway  
  87  9:24  Gateway  
  87  9:29  Stalker x2  
  87  9:30  Stalker  
  71  9:51  Stalker  
  69  10:04  Stalker x3  
Show
View Real Time Build Order
Export as new Build Order

Rose Zerg - Winner!

Build Orders: Hatch First 

Get SALT Encoding   

  12  0:01  Drone  
  13  0:08  Drone  
  14  0:17  Overlord  
  14  0:24  Drone, Extractor  
  15  0:36  Drone x2  
  17  0:54  Hatchery  
  17  0:55  Drone  
  17  0:59  Drone  
  18  1:09  Extractor  
  17  1:14  Spawning Pool  
  17  1:17  Drone  
  17  1:20  Drone  
  18  1:28  Drone  
  19  1:37  Overlord  
  19  2:00  Queen  
  22  2:01  Zergling x2  
  22  2:02  Drone  
  22  2:06  Queen  
  25  2:14  Zergling x4  
  25  2:15  Metabolic Boost  
  27  2:18  Zergling x2  
  27  2:21  Zergling x2  
  29  2:27  Spine Crawler  
  28  2:35  Zergling x4  
  28  2:46  Drone  
  28  2:49  Zergling x4  
  29  2:51  Queen  
  31  3:00  Drone x2  
  30  3:09  Zergling x2  
  27  3:18  Drone, Zergling x4  
  27  3:19  Drone  
  31  3:20  Drone x2  
  33  3:31  Zergling x4  
  34  3:42  Zergling x4  
  31  3:55  Drone x2  
  31  3:56  Drone x2  
  35  4:05  Overlord  
  35  4:11  Overlord  
  35  4:29  Drone x2  
  35  4:30  Hatchery  
  36  4:32  Drone x2  
  36  4:36  Drone  
  36  4:37  Drone x2  
  41  4:39  Extractor  
  41  4:41  Roach Warren  
  41  4:42  Drone x2  
  41  4:51  Overlord  
  41  4:52  Drone x2  
  43  5:06  Zergling x12  
  46  5:25  Zergling x12  
  45  5:39  Drone x3  
  45  5:40  Drone x2  
  50  5:50  Overlord, Queen  
  50  5:53  Roach x3  
  58  5:59  Roach x2  
  62  6:06  Overlord  
  62  6:07  Roach  
  62  6:08  Roach  
  65  6:13  Burrow  
  65  6:14  Roach x2  
  65  6:16  Extractor  
  65  6:17  Overlord  
  70  6:18  Roach  
  70  6:22  Roach  
  72  6:27  Drone x3  
  72  6:32  Roach x2  
  79  6:38  Roach  
  80  6:53  Roach x4  
  80  6:54  Zergling x6  
  89  7:02  Overlord x2  
  88  7:21  Zergling x4, Roach x6  
  77  7:32  Zergling x4, Roach x3  
  77  7:55  Zergling x2, Roach x2  
  77  7:56  Zergling x12  
  89  8:12  Ravager  
  89  8:13  Ravager x4  
  89  8:14  Overlord x2  
  92  8:21  Zergling x2  
  92  8:22  Zergling x10  
  95  8:31  Overlord  
  95  8:34  Spine Crawler  
  94  8:39  Ravager  
  94  8:41  Ravager  
  96  8:42  Zergling x12  
  94  9:00  Roach  
  94  9:01  Zergling x2, Roach x4  
  90  9:17  Zergling x2  
  90  9:18  Zergling x2, Roach x3  
  93  9:42  Zergling x6, Roach x4  
  104  9:47  Zergling x2, Roach  
Tags
 
Add a new tag
Caveats
  • Supply blocks, unpowered buildings, or Contaminate may cause inaccurate times.
  • Supply counts are checked every 10 seconds.